 Dungeon Crawl Stone Soup version 0.31-a0-1439-g542172135e (webtiles) character file.

Game seed: 8298007677560158546

126 Conn the Sneak (level 5, -13/31 HPs)
             Began as an Octopode Fire Elementalist on Dec 27, 2023.
             Mangled by a sleepcap (19 damage)
             ... on level 6 of the Dungeon.
             The game lasted 00:04:42 (2958 turns).

Conn the Sneak (Octopode Fire Elementalist)         Turns: 2958, Time: 00:04:43

Health: -13/31     AC:  3    Str:  7    XL:     5   Next: 9%
Magic:  0/9        EV:  2    Int: 19    God:
Gold:   189        SH:  0    Dex: 13    Spells: 3/9 levels left

rFire   + . .        (no weapon)
rCold   . . .        (no shield)
rNeg    . . .        t - +2 hat
rPois   +            (no amulet)
rElec   .            f - ring of protection from fire
rCorr   .            b - ring of willpower
SInv    .            h - ring of poison resistance
Will    +....        (no ring)
Stlth   +++          (no ring)
HPRegen 0.25/turn    (no ring)
MPRegen 0.11/turn    (no ring)
                     (no ring)

%: no passive effects
@: sleeping
A: almost no armour, amphibious, 8 rings, camouflage 1, gelatinous body 1,
(nimble swimmer 1), tentacles
a: no special abilities


You were on level 6 of the Dungeon.
You visited 1 branch of the dungeon, and saw 4 of its levels.

You collected 189 gold pieces.

Inventory:

Armour
 t - a +2 hat (worn)
Jewellery
 b - a ring of willpower (right tentacle)
 e - a ring of ice
 f - a ring of protection from fire (left tentacle)
 h - a ring of poison resistance (on tentacle)
Scrolls
 d - a scroll of amnesia {unknown}
 i - a scroll of vulnerability {unknown}
 j - a scroll of teleportation {unknown}
 k - a scroll of enchant armour {unknown}
 n - a scroll of enchant weapon {unknown}
 o - a scroll of butterflies {unknown}
 q - a scroll of silence {unknown}
Potions
 a - 2 potions of magic
 c - 2 potions of curing
 g - a potion of cancellation {unknown}
 l - a potion of berserk rage {unknown}
 m - 2 potions of ambrosia {unknown}
 p - 2 potions of degeneration {unknown}
 r - a potion of haste {unknown}
 s - a potion of heal wounds {unknown}


   Skills:
 + Level 2.8 Dodging
 + Level 4.0 Stealth
 + Level 2.7 Spellcasting
 + Level 2.1 Conjurations
 + Level 3.6 Fire Magic


You had 3 spell levels left.
You knew the following spells:

 Your Spells              Type           Power      Damage    Failure   Level
a - Foxfire               Conj/Fire      52%        2x1d6     4%          1
b - Scorch                Fire           32%        2d6       5%          2
c - Inner Flame           Hex/Fire       9%         N/A       22%         3

Your spell library contained the following spells:

 Spells                   Type           Power      Damage    Failure   Level
 Necrotise                Necr           8%         1d4       16%         1
 Volatile Blastmotes      Fire/Tloc      18%        2d11      22%         3
 Fugue of the Fallen      Necr           2%         N/A       43%         3
 Ozocubu's Armour         Ice            2%         N/A       43%         3
 Vampiric Draining        Necr           2%         2d6       43%         3
 Flame Wave               Conj/Fire      13%        2d6       43%         4
 Manifold Assault         Tloc           2%         N/A       83%         4
 Martyr's Knell           Necr/Summ      2%         N/A       83%         4
 Alistair's Intoxication  Alch           1%         N/A       99%         5
 Borgnjor's Vile Clutch   Necr/Erth      1%         N/A       99%         5
 Curse of Agony           Necr           2%         N/A       99%         5
 Eringya's Noxious Bog    Alch           1%         4d6       100%        6


Dungeon Overview and Level Annotations

Branches:
Dungeon (6/15)
 Temple: D:4-7

Altars:


Innate Abilities, Weirdness & Mutations

You cannot wear most types of armour.
You are amphibious.
You can wear up to eight rings at the same time.
Your skin changes colour to match your surroundings (Stealth+).
Your rubbery body absorbs attacks. (AC +1, EV +1)
((You are camouflaged when in or above water. (Stealth+)))
You have tentacles for arms and can constrict up to eight enemies at once.


Message History

Ouch! That really hurt!
* * * LOW HITPOINT WARNING * * *
You are engulfed in a cloud of soporific spores!
You are unaffected.
Unknown command.
Unknown command.
Unknown command.
Unknown command.
Unknown command.
Unknown command.
Unknown command.
It was a potion of curing.
You feel better. The sleepcap closely misses you.
Casting: Scorch (safe; 5% risk of failure)
Confirm with . or Enter, or press ? or * to list all spells.
Flames lash the sleepcap.
The sleepcap is burned terribly!
The sleepcap is severely damaged.
The sleepcap closely misses you. The sleepcap attacks as it pursues you!
The sleepcap releases spores at you.
* * * LOW HITPOINT WARNING * * *
Casting: Scorch (safe; 5% risk of failure)
Confirm with . or Enter, or press ? or * to list all spells.
Flames lash the sleepcap.
The sleepcap is burned terribly!
The sleepcap is almost destroyed.
You tentacle-slap the sleepcap but do no damage.
You grab the sleepcap.
The sleepcap is almost destroyed.
You constrict the sleepcap, but do no damage.
The sleepcap misses you.
You tentacle-slap the sleepcap but do no damage.
The sleepcap is almost destroyed.
You constrict the sleepcap, but do no damage.
The sleepcap releases spores at you.
* * * LOW HITPOINT WARNING * * *
You are engulfed in a cloud of soporific spores!
You fall asleep.
You lose your grip on the sleepcap.
The sleepcap barely misses you. The sleepcap releases spores at you!!
Ouch! That really hurt!
You die...

.<. #.# #.#
#.# #.# #.#
#.# #f# #@#
#.# #.# #.#
##.#########
#.........>#
#..#######.#
#..### #.#
#....# #.#


You could see a sleepcap (combustible).

Vanquished Creatures
  5 adders (D:2)
  A worm (D:2)
  3 dart slugs
  7 orcs
  6 endoplasms
  3 giant cockroaches
  3 hobgoblins
  2 quokkas (D:3)
  8 ball pythons
  8 bats
  3 frilled lizards
  6 goblins
  7 kobolds
  4 rats
66 creatures vanquished.

Vanquished Creatures (others)
  169 foxfires
169 creatures vanquished.

Grand Total: 235 creatures vanquished

Notes
Turn   | Place    | Note
-------+----------+-------------------------------------------
     0 | D:1      | Conn the Octopode Fire Elementalist began the quest for the
                  | Orb.
     0 | D:1      | Reached XP level 1. HP: 11/11 MP: 3/3
   290 | D:1      | Found a faded altar of an unknown god.
   419 | D:1      | Reached XP level 2. HP: 17/17 MP: 1/5
   435 | D:1      | Reached skill level 3 in Stealth
  1205 | D:2      | Reached XP level 3. HP: 18/21 MP: 0/6
  1704 | D:2      | Reached XP level 4. HP: 22/27 MP: 3/7
  2039 | D:2      | Learned a level 2 spell: Scorch
  2043 | D:2      | Learned a level 3 spell: Inner Flame
  2475 | D:3      | Reached skill level 4 in Stealth
  2477 | D:3      | Reached XP level 5. HP: 29/31 MP: 2/9
  2899 | D:3      | You fall into a shaft and drop 3 floors!
  2958 | D:6      | Mangled by a sleepcap

Illustrated notes

Levels and vault maps discovered:
D:1:      dpeg_arrival_short_road, layout_loops_corners,
          shapermc_ecumenical_altar_flowoftime, corexii_item_surrounded_by_moat
D:2:      layout_rooms
D:3:      layout_basic
D:6:      layout_loops_ring, trog_three_pillars_becter, xom_confusion_cloud,
          mainiacjoe_overflow_six_doors_small, ebering_ghost_rock_garden

Skill      XL: |  1  2  3  4 |
---------------+-------------+-----
Stealth        | 3 4 |  4.0
Conjurations   | 2 |  2.1
Dodging        | |  2.8
Spellcasting   | |  2.7
Fire Magic     | |  3.6

Action                     |  1- 3 |  4- 6 || total
---------------------------+-------+-------++-------
  Melee: Unarmed           |    33 |    28 ||    61
         Constrict         |    11 |     8 ||    19
         Tentacles         |     7 |     4 ||    11
         Punch             |     1 |     1 ||     2
   Cast: Foxfire           |    54 |    45 ||    99
         Scorch            |       |     5 ||     5
    Use: Potion            |       |     1 ||     1
   Stab: Sleeping          |     1 |     1 ||     2
 Armour: Skin              |    19 |    21 ||    40
  Dodge: Dodged            |    24 |    26 ||    50

Table legend: (Time is in decaauts)
 A = Elapsed time spent in this place.
 B = Non-inter-level travel time spent in this place.
 C = Inter-level travel time spent in this place.
 D = Time resting spent in this place.
 E = Time spent auto-exploring this place.
 F = Levels seen in this place.
 G = Mean time per level.
                   A        B        C        D        E       F      G
               +--------+--------+--------+--------+--------+-----+--------+
         Total |   2955 |   2904 |     51 |     62 |   2222 |   4 |  738.8 |
       Dungeon |   2955 |   2904 |     51 |     62 |   2222 |   4 |  738.8 |
               +--------+--------+--------+--------+--------+-----+--------+

Top non-repeatable levels by time:
     D:1: 1177 daAuts
     D:2: 894 daAuts
     D:3: 824 daAuts
     D:6: 58 daAuts
